 Dungeon Crawl Stone Soup version 0.31.0-32-g396128a36d (webtiles) character file.

Game seed: 16676049473105866910

51 Marvel the Ducker (level 3, -5/26 HPs)
             Began as an Octopode Fighter on Mar 26, 2024.
             Killed from afar by Ijyb (7 damage)
             ... with a puff of flame
             ... on level 3 of the Dungeon.
             The game lasted 00:01:22 (1560 turns).

Marvel the Ducker (Octopode Fighter)                Turns: 1560, Time: 00:01:23

Health: -5/26      AC:  1    Str: 17    XL:     3   Next: 83%
Magic:  3/3        EV: 13    Int: 10    God:
Gold:   79         SH:  4    Dex: 11    Spells: 2/2 levels left

rFire   . . .        a - +0 war axe
rCold   . . .        b - +0 buckler
rNeg    . . .        (helmet restricted)
rPois   .            (no amulet)
rElec   .            (no ring)
rCorr   .            (no ring)
SInv    .            (no ring)
Will    .....        (no ring)
Stlth   +++          (no ring)
HPRegen 0.24/turn    (no ring)
MPRegen 0.08/turn    (no ring)
                     (no ring)

%: no passive effects
@: no status effects
A: almost no armour, amphibious, 8 rings, camouflage 1, gelatinous body 1,
(nimble swimmer 1), tentacles
a: no special abilities


You were on level 3 of the Dungeon.
You visited 1 branch of the dungeon, and saw 3 of its levels.

You collected 79 gold pieces.

Inventory:

Hand Weapons
 a - a +0 war axe (weapon)
Missiles
 g - 10 poisoned darts (quivered)
Armour
 b - a +0 buckler (worn)
Scrolls
 d - a scroll of revelation {unknown}
 e - a scroll of enchant armour {unknown}
 f - 2 scrolls of blinking {unknown}
 j - 2 scrolls of fog {unknown}
 k - a scroll of enchant weapon {unknown}
 l - a scroll of poison {unknown}
 m - a scroll of amnesia {unknown}
 o - a scroll of identify {unknown}
 p - a scroll of teleportation {unknown}
Potions
 c - 2 potions of might
 h - 2 potions of enlightenment {unknown}
 i - a potion of haste {unknown}
 n - a potion of lignification {unknown}


   Skills:
 + Level 3.3 Fighting
 * Level 2.6 Axes
 + Level 3.4 Dodging
 + Level 1.6 Stealth
 + Level 3.3 Shields


You had 2 spell levels left.
You didn't know any spells.
Your spell library contained the following spells:

 Spells                   Type           Power      Damage    Failure   Level
 Hailstorm                Conj/Ice       0%         3d5       82%         3
 Summon Ice Beast         Ice/Summ       0%         N/A       82%         3
 Sculpt Simulacrum        Ice/Alch       0%         N/A       100%        6


Dungeon Overview and Level Annotations

Branches:
Dungeon (3/15)

Altars:

Annotations:
D:3 Ijyb


Innate Abilities, Weirdness & Mutations

You cannot wear most types of armour.
You are amphibious.
You can wear up to eight rings at the same time.
Your skin changes colour to match your surroundings (Stealth+).
Your rubbery body absorbs attacks. (AC +1, EV +1)
((You are camouflaged when in or above water. (Stealth+)))
You have tentacles for arms and can constrict up to eight enemies at once.


Message History

Ijyb hits you with a +0 dagger.
You barely miss Ijyb. Your grab misses Ijyb. Ijyb hits you with a +0 dagger.
You are too injured to fight recklessly!
You are too injured to fight recklessly!
You are too injured to fight recklessly!
You are too injured to fight recklessly!
You are too injured to fight recklessly!
You are too injured to fight recklessly!
You are too injured to fight recklessly!
You are too injured to fight recklessly!
You are too injured to fight recklessly!
You are too injured to fight recklessly!
You are too injured to fight recklessly!
You are too injured to fight recklessly!
You are too injured to fight recklessly!
You are too injured to fight recklessly!
You are too injured to fight recklessly!
You are too injured to fight recklessly!
You are too injured to fight recklessly!
You are too injured to fight recklessly!
You are too injured to fight recklessly!
You are too injured to fight recklessly!
You are too injured to fight recklessly!
You are too injured to fight recklessly!
You closely miss Ijyb. You grab Ijyb. You constrict Ijyb, but do no damage.
Ijyb hits you with a +0 dagger.
You hit Ijyb.
Ijyb is moderately wounded.
You constrict Ijyb, but do no damage.
Ijyb zaps a wand.
The puff of flame hits you. Ijyb hits you with a +0 dagger.
* * * LOW HITPOINT WARNING * * *
You slash Ijyb! You tentacle-slap Ijyb.
Ijyb is severely wounded.
You constrict Ijyb. Ijyb closely misses you.
You barely miss Ijyb.
Ijyb is severely wounded.
You constrict Ijyb. Ijyb hits you with a +0 dagger.
* * * LOW HITPOINT WARNING * * *
Ijyb zaps a wand.
The puff of flame hits you!
You die...

#.# #.# #.# #.# # #.###.##
#.# #.# # #.##...###.##
#.# #
#.#####...........####.###
#.......##.#.###..##......
#######....#...#.......###
#..#####.#.###.#.#
##.......#.##....#
##@.............#
#.g......##...##
#.....######.## #........
..# ####.#### #### .# ##


You could see Ijyb.

Vanquished Creatures
  An adder (D:2)
  2 dart slugs (D:1)
  A ribbon worm (D:2)
  2 bats (D:1)
  4 endoplasms
  5 goblins
  2 hobgoblins
  4 jackals (D:1)
  4 frilled lizards
  3 kobolds
  8 rats
36 creatures vanquished.

Notes
Turn   | Place    | Note
-------+----------+-------------------------------------------
     0 | D:1      | Marvel the Octopode Fighter began the quest for the Orb.
     0 | D:1      | Reached XP level 1. HP: 16/16 MP: 1/1
   137 | D:1      | Reached XP level 2. HP: 21/21 MP: 2/2
   610 | D:1      | Reached XP level 3. HP: 26/26 MP: 3/3
   689 | D:1      | Reached skill level 1 in Stealth
  1550 | D:3      | Noticed Ijyb
  1560 | D:3      | Killed from afar by Ijyb

Illustrated notes

Levels and vault maps discovered:
D:1:      dpeg_arrival_boxes_within_box, layout_basic, serial_forest,
          infiniplex_forest_clump_tiny, infiniplex_forest_end_2,
          infiniplex_forest_lined_2, infiniplex_forest_straight_4,
          infiniplex_forest_lined_room_3, infiniplex_forest_straight_2,
          infiniplex_forest_side_room, infiniplex_forest_clump_long,
          infiniplex_forest_end_1
D:2:      layout_loops_ring
D:3:      layout_loops_ring, mainiacjoe_overflow_brackets,
          kennysheep_vampire_church, nicolae_overflow_crystal_walls, uniq_ijyb

Skill      XL: |  1  2  3 |
---------------+----------+-----
Stealth        | 1 |  1.6
Fighting       | |  3.3
Axes           | |  2.6
Dodging        | |  3.4
Shields        | |  3.3

Action                     || total
---------------------------++-------
  Melee: War axe           ||    98
         Tentacles         ||    17
         Constrict         ||    18
         Punch             ||     3
   Stab: Sleeping          ||     8
         Distracted        ||     1
 Armour: Skin              ||    32
  Dodge: Dodged            ||    36
  Block: Buckler           ||    11
